 Dungeon Crawl Stone Soup version 0.29-a0-334-gb41bcbb86e (webtiles) character file.

Game seed: 9290072681934243997

198968 ders the Sorcerer (level 19, -28/144 HPs)
             Began as a Djinni Conjurer on Apr 11, 2022.
             Was a High Priest of Ashenzari.
             Killed from afar by Ilsuiw (60 damage)
             ... with a shard of ice
             ... on level 3 of the Shoals on Apr 13, 2022.
             The game lasted 01:35:16 (48855 turns).

ders the Sorcerer (Djinni Conjurer)                Turns: 48855, Time: 01:35:16

Health: -28/144    AC: 26    Str:  6    XL:     19   Next: 16%
Gold:   2663       EV:  0    Int: 39    God:    Ashenzari [*****.] SH: 23 Dex: 13

rFire   + + .      SeeInvis +   Y - +8 trident of the Octopus King {venom, rElec rPois, Fort, Self} (curse)
rCold   . . .      Faith    .   p - +1 tower shield {reflect}
rNeg    . . .      Spirit   .   Q - +2 plate armour "Thunder Perfect Mind" {rC+, Self, Cun} (curse)
rPois   ∞          Reflect  +   R - +0 helmet of Ashenzari's Doubts {Melee, Cun} (curse)
rElec   +          Harm     .   B - +2 cloak of the Ruined Black Moon {Cun, Evo} (curse)
rCorr   .          Rampage  .   k - +0 pair of gloves "Per Aspera Ad Scientiam" {Fort, Cun} (curse)
Will    .....      Clarity  +   (boots unavailable)
Stlth   ..........              H - amulet "Regret of Ashenzari" {Reflect SH+5, Range, Fort} (curse)
HPRegen 0.34/turn               D - ring "I Knew You'd Do That" {Int+6, Self, Cun} (curse)
MPRegen 0.00/turn               x - ring "Adversity of Ashenzari" {Int+6, Cun, Evo} (curse)

@: weak-willed, flying
A: sickness immunity, fire resistance 2, cold vulnerability 1, float, innate
caster, HP casting, extra vitality 1
}: 1/15 runes: serpentine
a: Renounce Religion, Curse Item, Shatter the Chains


You were on level 3 of the Shoals.
You worshipped Ashenzari.
Ashenzari was extremely pleased with you.
You visited 6 branches of the dungeon, and saw 31 of its levels.
You also visited: Ossuary.

You collected 3205 gold pieces.
You spent 542 gold pieces at shops.

Inventory:

Hand Weapons
 K - the +6 dagger of Huol {pain, Int+4}
   (You took it off an orc on level 9 of the Dungeon)

   In the hands of one skilled in necromantic magic, it inflicts extra damage on
   living creatures.
   Your inability to study Necromancy prevents you from drawing on the full
   power of this weapon.
   Int:       It affects your intelligence (+4).
 Y - the cursed +8 trident of the Octopus King (weapon) {venom, rElec rPois, Fort, Self}
   (You found it on level 6 of the Lair of Beasts)

   It poisons the flesh of those it strikes.
   rElec:     It insulates you from electricity.
   rPois:     It protects you from poison.
   It has a curse which improves the following skills: Fortitude: Armour and
   Shields.
   Introspection: Fighting and Spellcasting.
Missiles
 v - 2 throwing nets
Armour
 k - the cursed +0 pair of gloves "Per Aspera Ad Scientiam" (worn) {Fort, Cun}
   (You found it on level 3 of the Dungeon)

   It has a curse which improves the following skills: Fortitude: Armour and
   Shields.
   Cunning:   Dodging and Stealth.
 p - a +1 tower shield of reflection (worn)
 B - the cursed +2 cloak of the Ruined Black Moon (worn) {Cun, Evo}
   (You found it on level 8 of the Dungeon)

   It has a curse which improves the following skills: Cunning: Dodging and
   Stealth.
   Evocations: Evocations.
 E - a +2 cloak
 J - a scarf of repulsion
 Q - the cursed +2 plate armour "Thunder Perfect Mind" (worn) {rC+, Self, Cun}
   (You found it on level 3 of the Lair of Beasts)

   It has a curse which improves the following skills: Introspection: Fighting
   and Spellcasting.
   Cunning:   Dodging and Stealth.
 R - the cursed +0 helmet of Ashenzari's Doubts (worn) {Melee, Cun}
   (You found it on level 4 of the Lair of Beasts)

   It has a curse which improves the following skills: Melee Combat: Short
   Blades, Long Blades, Axes, Maces & Flails, Polearms, Staves and Unarmed
   Combat.
   Cunning:   Dodging and Stealth.
 U - a +2 helmet
Magical Staves
 C - a staff of fire
Jewellery
 m - the ring of Generosity {rF+ rCorr}
   (You found it on level 1 of the Snake Pit)

   [ring of resist corrosion]

   rF:        It protects you from fire.
   rCorr:     It protects you from acid and corrosion.
 x - the cursed ring "Adversity of Ashenzari" (right hand) {Int+6, Cun, Evo}
   (You found it on level 8 of the Dungeon)

   [ring of intelligence]

   Int:       It affects your intelligence (+6).
   It has a curse which improves the following skills: Cunning: Dodging and
   Stealth.
   Evocations: Evocations.
 z - a ring of wizardry
 D - the cursed ring "I Knew You'd Do That" (left hand) {Int+6, Self, Cun}
   (You found it on level 8 of the Dungeon)

   [ring of intelligence]

   Int:       It affects your intelligence (+6).
   It has a curse which improves the following skills: Introspection: Fighting
   and Spellcasting.
   Cunning:   Dodging and Stealth.
 G - a ring of willpower
 H - the cursed amulet "Regret of Ashenzari" (around neck) {Reflect SH+5, Range, Fort}
   (You found it on level 4 of the Lair of Beasts)

   [amulet of reflection]

   It reflects blocked missile attacks.
   SH:        It affects your SH (+5).
   It has a curse which improves the following skills: Ranged Combat: Slings,
   Bows, Crossbows and Throwing.
   Fortitude: Armour and Shields.
 L - a +4 ring of slaying
 X - a ring of ice
Wands
 l - a wand of digging (6)
 o - a wand of polymorph (13)
 F - a wand of mindburst (23)
 M - a wand of iceblast (9)
 O - a wand of acid (4)
 T - a wand of paralysis (21)
Scrolls
 a - 5 scrolls of blinking
 b - 3 scrolls of fear
 e - 4 scrolls of teleportation
 f - 6 scrolls of fog
 h - 3 scrolls of summoning
 j - 28 scrolls of identify
 s - 2 scrolls of enchant armour
 w - a scroll of enchant weapon
 y - 2 scrolls of silence
 I - 4 scrolls of magic mapping
 N - 4 scrolls of holy word
 V - 2 scrolls of brand weapon
Potions
 c - 2 potions of ambrosia
 d - 6 potions of heal wounds
 g - 9 potions of might
 i - 6 potions of lignification
 n - 4 potions of haste
 q - 6 potions of mutation
 r - 19 potions of curing
 t - 11 potions of attraction
 u - 3 potions of resistance
 A - 7 potions of brilliance
 W - 3 potions of cancellation
Miscellaneous
 P - a condenser vane
 S - a phantom mirror
 Z - a box of beasts


   Skills:
 + Level 11.1(15.6) Fighting
 - Level 11.5(16.0) Armour
 - Level 2.1(7.0) Dodging
 - Level 1.5(5.8) Stealth
 * Level 8.7(13.2) Shields
 * Level 22.2(26.3) Spellcasting


You had 18 spell levels left.
You knew the following spells:

 Your Spells              Type           Power      Damage    Failure   Level
a - Iron Shot             Conj/Erth      65%        9d12      1%          6
b - Freezing Cloud        Conj/Ice/Air   65%        6-21      1%          5
c - Magic Dart            Conj           100%       1d8       0%          1
d - Fulminant Prism       Conj/Hex       65%        3d28      1%          4
e - Iskenderun's Mystic   Conj/Tloc      100%       2d19      1%          4
f - Pain                  Necr           100%       1d9       0%          1
g - Passwall              Tmut/Erth      100%       N/A       1%          2
h - Corpse Rot            Necr/Air       100%       N/A       1%          2
i - Animate Armour        Summ/Erth      100%       N/A       1%          4
j - Summon Mana Viper     Hex/Summ       100%       N/A       1%          5
k - Searing Ray           Conj           100%       2d8       1%          2
l - Dazzling Flash        Conj/Hex       100%       N/A       1%          3
m - Conjure Ball Lightni  Conj/Air       65%        3x3d23    1%          6
n - Enfeeble              Hex            65%        N/A       12%         7
Your spell library was empty.

Dungeon Overview and Level Annotations

Branches:
Dungeon (15/15)            Temple (1/1) D:4            Lair (6/6) D:9
 Shoals (3/4) Lair:4        Snake (4/4) Lair:3        Slime (0/5) Lair:5
    Orc (2/2) D:9             Elf (0/3) Orc:2        Vaults (0/5) D:13
 Depths (0/4) D:15        Ossuary (visited)

Altars:
Ashenzari
Cheibriados
Dithmenos
Elyvilon
Fedhas
Gozag
Hepliaklqana
Kikubaaqudgha
Makhleb
Nemelex Xobeh
Okawaru
Qazlal
Ru
Sif Muna
Trog
Uskayaw
Vehumet
Wu Jian
Xom
Yredelemnul
Zin
The Shining One

Shops:
D:5 (   Orc:2 (:*(   Snake:2 ?(   Snake:3 !

Annotations:
D:7 2 transporters
Lair:4 3 runed translucent doors, Ablaaz's ghost, journeyman MfGl; Saozxam's ghost, journeyman KoHu; Ucinyis's ghost, journeyman MfBe; Wobig's ghost, journeyman DEFE
Lair:5 2 runed translucent doors, Doorstop00's ghost, journeyman MiBe
Shoals:2 3 runed translucent doors
Shoals:3 Ilsuiw
Snake:3 2 transporters, experimilk's ghost, adept PaFi


Innate Abilities, Weirdness & Mutations

You are immune to sickness and miasma.
You are immune to poison.
Your flesh is very heat resistant. (rF++)
You are vulnerable to cold. (rC-)
You float through the air rather than walking.
You learn spells naturally, not from books.
Your magical power is your life essence.
You have superior vitality. (+4 MHP)


Message History

The blast of energy engulfs Ilsuiw!!!
Ilsuiw is severely wounded.
The blast of energy engulfs the wind drake!!!
The wind drake is severely wounded.
You hear a screech! x2
Your ball lightning explodes!
The blast of lightning engulfs you! You resist.
The blast of lightning engulfs Ilsuiw!!
Ilsuiw is almost dead.
The blast of lightning engulfs your ball lightning.
Your ball lightning completely resists.
Ilsuiw casts a spell at you.
Your +1 tower shield of reflection reflects the shard of ice!
The shard of ice misses Ilsuiw.
The merfolk javelineer throws a silver javelin.
The silver javelin pierces through you!
The merfolk siren chants a haunting song.
You are unaffected.
Ilsuiw gestures wildly while chanting.
Ilsuiw blinks!
Your ball lightning explodes!
The blast of lightning engulfs you. You resist.
Ilsuiw gestures wildly while chanting.
The merfolk javelineer throws a silver javelin.
The silver javelin pierces through you!
* * * LOW HITPOINT WARNING * * *
x2 You hear a screech!
Blink to where?
Press: ? - help, Dir - move target
As you read the scroll of blinking, it crumbles to dust.
The wind drake flaps its wings at you. The air twists around and strikes you.
Ilsuiw gestures wildly while chanting.
Ilsuiw sings a water chant to call the tide!
The merfolk javelineer throws a silver javelin.
The silver javelin pierces through you but does no damage.
* * * LOW HITPOINT WARNING * * *
Ilsuiw points at you and mumbles some strange words.
The shard of ice hits you!!!
You die...

#≈≈≈≈≈≈)≈)≈≈≈≈≈≈ ≈ ≈** ≈
#≈≈≈≈≈≈≈≈≈≈≈≈≈≈≈≈≈≈≈. * *, ≈
#≈≈≈≈≈≈≈k))≈m≈≈≈≈≈≈≈ ,* *≈ ≈ ≈
#≈≈≈≈≈≈≈≈≈≈≈≈≈≈≈≈≈≈ ** ≈ ≈≈
#≈≈≈≈≈≈≈≈≈≈≈≈≈≈≈≈≈ ≈≈**,≈ ≈≈≈
#≈≈≈≈≈≈≈≈≈≈m≈≈≈≈≈≈ * ≈≈
#≈≈≈≈≈≈≈≈≈≈≈≈≈≈.##, * ≈≈ ≈≈≈≈
#≈≈≈≈≈≈≈≈≈≈≈≈≈...##≈≈# , ≈ ≈ {
#≈≈≈≈≈≈≈≈≈≈≈≈E@E...≈≈# { ≈≈ ,
#≈≈≈≈≈≈§≈≈≈≈≈≈mE...≈≈#** { ,{
#≈≈≈≈≈≈≈≈≈≈≈≈≈≈≈≈≈≈≈≈≈ * **
#≈≈≈≈≈≈≈≈≈≈≈≈≈≈≈≈≈≈≈≈≈.########
#≈≈≈≈≈≈≈≈≈≈≈≈≈≈≈≈≈≈≈≈≈≈.≈.≈≈≈≈≈
#≈≈≈≈≈≈≈≈≈≈≈≈≈≈≈≈≈≈≈≈≈.≈≈≈.≈≈≈≈
#≈≈≈≈≈≈≈≈≈≈≈≈≈≈≈≈≈≈≈≈≈≈≈≈≈.≈≈≈≈
#≈≈≈≈≈≈≈≈≈≈≈≈≈≈≈≈≈≈..≈.≈≈≈.≈≈≈≈
#≈≈≈≈≈≈≈≈≈≈≈≈≈≈≈≈.##.≈≈≈≈≈≈≈≈≈≈


You could see Ilsuiw, a merfolk javelineer, a wind drake (repels missiles), 3
water elementals and a merfolk siren.

Vanquished Creatures
  Vashnia (Snake:3)
  Jorgrun (Snake:2)
  Asterion (Snake:4)
  5 nagarajas
  Aizul (Snake:3)
  A juggernaut zombie (D:15)
  An ironbound preserver (D:13)
  A merfolk impaler (Shoals:3)
  A merfolk javelineer (Shoals:2)
  5 hydras
  A great orb of eyes (D:13)
  14 naga warriors
  4 salamander tyrants
  3 boulder beetles
  2 merfolk avatars
  5 centaur warriors
  6 anacondas
  An ogre mage (D:15)
  An alligator snapping turtle (Shoals:2)
  2 tengu warriors (D:14)
  8 two-headed ogres
  16 death yaks
  Urug (Lair:4)
  12 naga sharpshooters
  6 slime creatures
  9 shock serpents
  2 orc high priests
  Sonja (D:13)
  A salamander mystic (Snake:4)
  A fire crab (shapeshifter) (D:14)
  A skeletal warrior (D:15)
  A fire crab (Lair:5)
  A flayed ghost (D:15)
  9 sea snakes
  4 naga ritualists
  A sphinx zombie (D:15)
  16 mana vipers
  2 deep elf pyromancers
  3 orc sorcerers (Orc:2)
  16 ugly things
  4 cyclopes
  13 fauns
  6 elephants (Lair:5)
  2 oklob plants (Lair:5)
  9 manticores
  21 black mambas
  13 salamanders
  A guardian serpent (Snake:1)
  8 water nymphs
  7 merfolk sirens
  A gargoyle (D:14)
  2 ice statues (Snake:1)
  Maurice (D:13)
  14 naga magi
  10 cane toads
  5 rime drakes
  A komodo dragon (shapeshifter) (D:15)
  2 kobold demonologists
  A spriggan zombie (D:15)
  8 komodo dragons
  2 unseen horrors
  2 efreet (D:15)
  A guardian mummy (D:15)
  5 trolls
  3 meliai (D:13)
  5 polar bears
  4 wind drakes
  6 merfolk
  2 hornets (Lair:6)
  8 snapping turtles
  6 dream sheep (Lair:6)
  31 blink frogs
  Grinder (D:4)
  2 vampires (D:10)
  A shadow (D:13)
  4 wraiths
  55 yaks
  4 wyverns
  8 steam dragons
  Eustachio (D:4)
  7 basilisks
  A tengu zombie (D:15)
  9 vampire mosquitoes
  2 wargs
  52 nagas
  A swamp worm (shapeshifter) (D:15)
  An acid dragon (D:9)
  Duvessa (D:5)
  11 water moccasins
  22 orc warriors
  A swamp drake (D:9)
  An ice beast (D:7)
  4 ogres
  4 boggarts (D:15)
  9 wolves
  A phantom (D:6)
  11 centaurs
  A kobold brigand (D:8)
  2 gnoll sergeants
  4 scorpions
  13 bullfrogs
  5 water moccasin zombies (Ossuary)
  4 necrophages
  Dowan (D:5)
  11 killer bees (D:11)
  2 howler monkeys
  2 electric eels
  4 crimson imps (D:15)
  3 jellies
  27 orc priests
  5 hounds
  A gnoll shaman (D:10)
  39 orc wizards
  5 hell rats (Lair:3)
  3 mummies
  25 gnolls
  7 adders
  2 shadow imps
  3 white imps
  An ufetubus (D:5)
  6 adder zombies (Ossuary)
  2 worms
  4 dart slugs
  68 orcs
  6 endoplasms
  5 giant cockroaches
  10 goblins
  4 hobgoblins
  3 iguanas
  3 jackals (D:1)
  4 quokkas
  11 ball pythons
  9 bats
  5 frilled lizards
  6 gnoll zombies (Ossuary)
  5 hobgoblin zombies (Ossuary)
  14 kobolds
  3 kobold zombies (Ossuary)
  2 orc zombies (Ossuary)
  5 rats
  A spectral kobold (D:3)
  4 ball lightnings
  A butterfly (Lair:2)
  14 fulminant prisms
951 creatures vanquished.

Vanquished Creatures (collateral kills)
  Gastronok (Lair:1)
  Erolcha (D:10)
  A necromancer (D:15)
  2 orc sorcerers
  A komodo dragon (D:9)
  A tengu conjurer (D:15)
  A slime creature (D:13)
  An acid dragon (D:9)
  An orc warrior (Orc:1)
  An orc priest (Orc:2)
  An orc (Orc:1)
  2 ball lightnings
14 creatures vanquished.

Vanquished Creatures (others)
  A yak (D:9)
  An orc wizard (D:14)
  2 orcs
  15 ball lightnings
  540 fulminant prisms
  52 fungi
  76 plants
  6 withered plants
693 creatures vanquished.

Grand Total: 1658 creatures vanquished

Notes
Turn   | Place    | Note
-------+----------+-------------------------------------------
     0 | D:1      | ders the Djinni Conjurer began the quest for the Orb.
     0 | D:1      | Reached XP level 1. HP: 15/15 MP: 0/0
   146 | D:1      | Reached XP level 2. HP: 14/21 MP: 0/0
   749 | D:1      | Reached XP level 3. HP: 18/25 MP: 0/0
   749 | D:1      | Learned a level 1 spell: Pain
  1059 | D:1      | Found a faded altar of an unknown god.
  1061 | D:1      | Reached skill level 4 in Spellcasting
  1731 | D:2      | Reached XP level 4. HP: 11/31 MP: 0/0
  2382 | D:2      | Found a sparkling altar of Nemelex Xobeh.
  3092 | D:3      | Reached XP level 5. HP: 32/35 MP: 0/0
  3092 | D:3      | Learned a level 2 spell: Passwall
  3345 | D:3      | Reached skill level 5 in Spellcasting
  3735 | D:3      | Found a hazy altar of Hepliaklqana.
  3838 | D:3      | Reached XP level 6. HP: 24/40 MP: 0/0
  4180 | D:3      | Found a shimmering altar of Xom.
  4511 | D:4      | Identified the +7 mace of Ruriopt {holy, rN+ Int-3 Dex+4
                  | SInv}
  5105 | D:4      | Found a staircase to the Ecumenical Temple.
  5123 | D:4      | Noticed Grinder
  5127 | Temple   | Entered the Ecumenical Temple
  5260 | D:4      | Killed Grinder
  5261 | D:4      | Reached skill level 6 in Spellcasting
  5261 | D:4      | Reached XP level 7. HP: 16/45 MP: 0/0
  5261 | D:4      | Learned a level 2 spell: Corpse Rot
  5388 | D:4      | Noticed Eustachio
  5393 | D:4      | Killed Eustachio
  5631 | D:4      | Found a broken altar of Ashenzari.
  5639 | D:4      | Became a worshipper of Ashenzari the Shackled
  5800 | D:4      | Found a blossoming altar of Fedhas.
  5803 | D:4      | Found a stormy altar of Qazlal.
  5940 | D:4      | Reached skill level 7 in Spellcasting
  6000 | D:5      | Entered Level 5 of the Dungeon
  6008 | D:5      | Reached XP level 8. HP: 44/50 MP: 0/0
  6671 | D:5      | Noticed Dowan
  6673 | D:5      | Noticed Duvessa
  6683 | D:5      | Killed Dowan
  6684 | D:5      | Reached skill level 8 in Spellcasting
  6685 | D:5      | Killed Duvessa
  7202 | D:5      | Found a snail-covered altar of Cheibriados.
  7345 | D:5      | Found Paoxokou's Hydra Hut.
  7350 | D:5      | Noticed an eight-headed hydra
  7628 | D:6      | Reached XP level 9. HP: 42/55 MP: 0/0
  7628 | D:6      | Learned a level 4 spell: Animate Armour
  7639 | D:6      | Reached skill level 9 in Spellcasting
  8676 | D:6      | Reached skill level 10 in Spellcasting
  9215 | D:7      | Found a transporter.
  9435 | D:7      | Noticed a troll
  9443 | D:7      | Killed a troll
  9478 | D:7      | Noticed a kobold demonologist
  9601 | D:7      | Reached XP level 10. HP: 28/60 MP: 0/0
  9702 | D:7      | Identified the +1 leather armour "Fosepn" {rF+}
  9929 | D:7      | Found a transporter.
 10067 | D:8      | Identified a scroll of acquirement
 10067 | D:8      | Acquired a manual of Spellcasting
 10254 | D:8      | Reached skill level 11 in Spellcasting
 10350 | D:8      | Found a sand-covered staircase.
 10357 | Ossuary  | Entered an ossuary
 11223 | D:8      | Noticed a manticore
 11232 | D:8      | Killed a manticore
 11233 | D:8      | Reached skill level 12 in Spellcasting
 11809 | D:8      | Found a glowing golden altar of the Shining One.
 11832 | D:9      | Upgraded the game from 0.29-a0-323-g050149af67 to
                  | 0.29-a0-330-g52719c12eb
 11894 | D:9      | Reached skill level 13 in Spellcasting
 12190 | D:9      | Reached XP level 11. HP: 62/65 MP: 0/0
 12190 | D:9      | Learned a level 5 spell: Summon Mana Viper
 12296 | D:9      | Reached skill level 14 in Spellcasting
 12458 | D:9      | Noticed a two-headed ogre
 12478 | D:9      | Killed a two-headed ogre
 12661 | D:9      | Found a burning altar of Makhleb.
 13045 | D:9      | Identified the +6 dagger of Huol {pain, Int+4}
 13060 | D:9      | Reached skill level 15 in Spellcasting
 13396 | D:9      | Found a staircase to the Orcish Mines.
 13861 | D:9      | Found a staircase to the Lair.
 13954 | Lair:1   | Entered Level 1 of the Lair of Beasts
 14347 | Lair:1   | Reached XP level 12. HP: 51/70 MP: 0/0
 14590 | Lair:1   | Noticed Gastronok
 14617 | Lair:1   | Reached skill level 16 in Spellcasting
 14885 | Lair:1   | Killed Gastronok
 15160 | Lair:1   | Reached * piety under Ashenzari
 15199 | Lair:1   | Reached skill level 5 in Fighting
 15199 | Lair:1   | Reached skill level 5 in Armour
 15199 | Lair:1   | Reached XP level 13. HP: 88/88 MP: 0/0
 15199 | Lair:1   | Learned a level 5 spell: Freezing Cloud
 16121 | Lair:2   | Reached skill level 17 in Spellcasting
 17100 | Lair:2   | Reached ** piety under Ashenzari
 17682 | Lair:3   | Found a staircase to the Snake Pit.
 18026 | Lair:3   | Reached XP level 14. HP: 34/94 MP: 0/0
 18913 | Snake:1  | Entered Level 1 of the Snake Pit
 19392 | Lair:4   | Noticed Ucinyis's ghost (journeyman MfBe)
 19393 | Lair:4   | Noticed Ablaaz's ghost (journeyman MfGl)
 19401 | Lair:4   | Noticed Wobig's ghost (journeyman DEFE)
 19403 | Lair:4   | Noticed Saozxam's ghost (journeyman KoHu)
 19524 | Lair:4   | Found a runed translucent gate.
 19524 | Lair:4   | Found a runed translucent gate.
 19524 | Lair:4   | Found a runed translucent gate.
 19573 | Lair:4   | Noticed Urug
 19583 | Lair:4   | Reached skill level 18 in Spellcasting
 19587 | Lair:4   | Killed Urug
 20251 | Lair:4   | Found a staircase to the Shoals.
 20272 | Lair:4   | Noticed Saozxam's ghost (journeyman KoHu)
 20272 | Lair:4   | Identified Zaustyut's Volume of Congealing Companions
 20273 | Lair:4   | Identified the ring of Xyzedu {Drain rF+ rC+++ Will+ Str+3}
 20274 | Lair:4   | Identified the +4 scale mail of the Mouths {Rampage}
 20277 | Lair:4   | Identified the +5 war axe of Tenacity {drain, Stlth+}
 20637 | Lair:5   | Reached *** piety under Ashenzari
 21625 | Lair:5   | Found a large runed translucent door.
 21625 | Lair:5   | Found a large runed translucent door.
 21625 | Lair:5   | Noticed Doorstop00's ghost (journeyman MiBe)
 22084 | Lair:5   | Found a staircase to the Slime Pits.
 22242 | Lair:5   | Reached XP level 15. HP: 59/98 MP: 0/0
 22242 | Lair:5   | Learned a level 6 spell: Iron Shot
 22563 | Lair:6   | Entered Level 6 of the Lair of Beasts
 23051 | Lair:5   | Reached skill level 19 in Spellcasting
 24511 | Lair:6   | Found the +8 trident of the Octopus King {venom, rElec
                  | rPois}
 24936 | Orc:1    | Entered Level 1 of the Orcish Mines
 25700 | Orc:2    | Entered Level 2 of the Orcish Mines
 26309 | Orc:2    | Reached skill level 10 in Armour
 26464 | Orc:2    | Found a staircase to the Elven Halls.
 27034 | Orc:2    | Found Faxkeduk's Book Shoppe.
 27035 | Orc:2    | Found Moif's Weapon Emporium.
 27039 | Orc:2    | Found Guraehoub's General Store.
 27149 | Orc:2    | Found Zoekk's Weapon Shoppe.
 27755 | D:10     | Entered Level 10 of the Dungeon
 28735 | D:10     | Noticed Erolcha
 28751 | D:10     | Killed Erolcha
 29849 | D:11     | Found a hide-covered altar of Uskayaw.
 30515 | D:12     | Reached **** piety under Ashenzari
 30529 | D:12     | Reached XP level 16. HP: 98/108 MP: 0/0
 30900 | D:13     | Noticed Maurice
 30908 | D:13     | Killed Maurice
 31509 | D:13     | Reached ***** piety under Ashenzari
 31676 | D:13     | Reached skill level 20 in Spellcasting
 32015 | D:13     | Found a gate to the Vaults.
 32081 | D:13     | Noticed Sonja
 32085 | D:13     | Killed Sonja
 34255 | D:15     | Entered Level 15 of the Dungeon
 35841 | D:15     | Found a staircase to the Depths.
 35899 | D:15     | Reached XP level 17. HP: 95/121 MP: 0/0
 35899 | D:15     | Learned a level 6 spell: Conjure Ball Lightning
 36147 | D:15     | Found a shimmering altar of Xom.
 36298 | D:15     | Upgraded the game from 0.29-a0-330-g52719c12eb to
                  | 0.29-a0-334-gb41bcbb86e
 37155 | Snake:1  | Found a broken altar of Ashenzari.
 37243 | Snake:1  | Reached skill level 21 in Spellcasting
 37675 | Snake:1  | Identified the ring of Generosity {rF+ rCorr}
 37839 | Snake:2  | Noticed Jorgrun
 38358 | Snake:2  | Killed Jorgrun
 39193 | Snake:2  | Reached skill level 1 in Shields
 39272 | Snake:2  | Acquired 593 gold pieces
 39695 | Snake:2  | Found Joocemee's Weapon Shop.
 39703 | Snake:2  | Found Yjatab's Magic Scroll Shop.
 39708 | Snake:2  | Bought a scroll of magic mapping for 49 gold pieces
 40276 | Snake:3  | Noticed Aizul
 40289 | Snake:3  | Killed Aizul
 40543 | Snake:3  | Noticed Vashnia
 40635 | Snake:3  | Reached XP level 18. HP: 91/135 MP: 0/0
 40926 | Snake:3  | Killed Vashnia
 41174 | Snake:3  | Found Daablios's Distillery.
 41183 | Snake:3  | Bought a potion of curing for 51 gold pieces
 41183 | Snake:3  | Bought a potion of mutation for 136 gold pieces
 41183 | Snake:3  | Bought a potion of heal wounds for 85 gold pieces
 41183 | Snake:3  | Bought a potion of curing for 51 gold pieces
 41183 | Snake:3  | Bought a potion of heal wounds for 85 gold pieces
 41183 | Snake:3  | Bought a potion of heal wounds for 85 gold pieces
 41678 | Snake:3  | Found a transporter.
 41679 | Snake:3  | Noticed experimilk's ghost (adept PaFi)
 41683 | Snake:3  | Found a transporter.
 41688 | Snake:3  | Found a bloodstained altar of Trog.
 42073 | Snake:4  | Entered Level 4 of the Snake Pit
 42082 | Snake:4  | Reached skill level 10 in Fighting
 42082 | Snake:4  | Reached skill level 5 in Shields
 42315 | Snake:4  | Noticed Asterion
 42328 | Snake:4  | Killed Asterion
 44409 | Snake:4  | Reached skill level 22 in Spellcasting
 44730 | Snake:4  | Got a serpentine rune of Zot
 44926 | Shoals:1 | Entered Level 1 of the Shoals
 44926 | Shoals:1 | Identified the +2 hat of Mub Deis {-Tele *Slow rN+ Int+5}
 46505 | Shoals:2 | Found a runed translucent gate.
 46506 | Shoals:2 | Found a runed translucent gate.
 46507 | Shoals:2 | Found a runed translucent gate.
 47361 | Shoals:2 | Reached XP level 19. HP: 132/143 MP: 0/0
 47361 | Shoals:2 | Learned a level 7 spell: Enfeeble
 48847 | Shoals:3 | Noticed Ilsuiw
 48855 | Shoals:3 | Killed from afar by Ilsuiw

Illustrated notes

Levels and vault maps discovered:
D:1:      dpeg_arrival_fog, layout_loops_ring,
          shapermc_ecumenical_altar_hornbeckon, chequers_serial_rivers_small_a,
          minmay_pentomino_v2
D:2:      layout_basic, basic_altar
D:3:      layout_loops_ring, dk_xom_monty_hall,
          nicolae_hepliaklqana_monster_ancestors
D:4:      layout_basic, evilmike_ruin_ashenzari,
          grunt_temple_overflow_forces_of_nature, minmay_temple_entry_statues,
          uniq_eustachio, uniq_grinder
D:5:      layout_basic, lemuel_doored_altar, serial_glass, glass_columns_c,
          glass_columns_b, minmay_strange_pillars, minmay_strange_pillars,
          doesnt_shop_hydraphobe, uniq_duvessa
D:6:      layout_gridville, kiku_gazebo_garden_becter, kennysheep_another_room
D:7:      gammafunk_wand_slinger, layout_basic
D:8:      layout_loops_ring, tso_oasis_becter, gup_ossuary_entry_pyramid
D:9:      layout_roguey, bloody_makhleb, erik_lair_dragon, erik_orc_1
D:10:     layout_small_grid, uniq_erolcha
D:11:     layout_rooms, nicolae_uskayaw_en_pointe
D:12:     layout_irregular_city
D:13:     layout_long_grid, skrybe_vaults_entry_preservation, uniq_maurice,
          uniq_sonja
D:14:     layout_cave_pools, lemuel_nasty_fountain
D:15:     gammafunk_depths_entry_grave, layout_irregular_city, led_xom_imps
Temple:   dshaligram_water_room_temple
Lair:1:   layout_roguey, lemuel_fruit_tree, infiniplex_staircase_pool_2,
          uniq_gastronok
Lair:2:   layout_gridlike, serial_bayou_shore_b, grunt_megastairs_1,
          lemuel_fruit_fields
Lair:3:   layout_regular_city, guppyfry_snake_entry_garden
Lair:4:   layout_long_grid, elwin_shoals_entry_rooms, gammafunk_ghost_cemetery,
          chequers_serial_rivers_small_b, uniq_urug
Lair:5:   layout_roguey, minmay_slime_entry_oklob_enclosed,
          ebering_ghost_disaster_area, infiniplex_staircase_pool
Lair:6:   gammafunk_lair_ancient_temple, layout_concentric_octagons,
          dreamdust_mushroom_princess
Shoals:1: layout_shoals, nicolae_shoals_nymph_descending_staircase
Shoals:2: layout_shoals, nicolae_shoals_beach_cooler
Shoals:3: layout_shoals, nicolae_shoals_secluded_bog, uniq_ilsuiw
Snake:1:  layout_rooms, basic_altar, portal_ice_cave_entry_ice_statue_two,
          abandoned_shop
Snake:2:  layout_onion, grunt_ministairs_15, nicolae_snake_mages_go_home,
          minmay_shop_star, uniq_jorgrun
Snake:3:  layout_onion_interference, gammafunk_ghost_wrathful_warriors,
          serial_shops, shop_statue, uniq_vashnia, uniq_aizul
Snake:4:  minmay_snake_end_coiled, layout_concentric_octagons,
          grunt_ministairs_10, hangedman_snake_pattern, uniq_asterion
Orc:1:    layout_caves
Orc:2:    st_orc_mages, layout_caves

Skill      XL: |  1  2  3  4  5  6  7  8  9 10 11 12 13 14 15 16 17 18 19 |
---------------+----------------------------------------------------------+-----
Spellcasting   | 4 5 6 7 8 10 13 15 16 17 18 19 20 21 22 | 22.2
Fighting       | 5 7 9 10 11 | 11.1
Armour         | 5 8 10 11 | 11.5
Shields        | 3 8 |  8.7
Dodging        | |  2.1
Stealth        | |  1.5

Action                   |  1- 3 |  4- 6 |  7- 9 | 10-12 | 13-15 | 16-18 | 19-21 || total
-------------------------+-------+-------+-------+-------+-------+-------+-------++-------
Melee: Staff             |       |       |       |     3 |       |       |       ||     3
       Dagger            |       |       |       |       |     7 |       |       ||     7
       Trident           |       |       |       |       |     1 |     1 |     7 ||     9
 Cast: Magic Dart        |    80 |    88 |    48 |     5 |     2 |     8 |       ||   231
       Searing Ray       |     1 |     5 |     3 |       |     1 |       |       ||    10
       Iskenderun's Myst |       |    16 |    40 |    50 |   145 |   125 |       ||   376
       Fulminant Prism   |       |     4 |    41 |    81 |   226 |   200 |     2 ||   554
       Animate Armour    |       |       |     2 |     1 |     2 |       |       ||     5
       Summon Mana Viper |       |       |       |     6 |     3 |     6 |       ||    15
       Freezing Cloud    |       |       |       |       |    45 |    77 |       ||   122
       Iron Shot         |       |       |       |       |       |   110 |    25 ||   135
       Conjure Ball Ligh |       |       |       |       |       |     9 |     1 ||    10
       Passwall          |       |       |       |       |       |     2 |       ||     2
Invok: Curse Item        |       |       |       |     2 |     5 |     2 |       ||     9
       Shatter the Chain |       |       |       |       |     1 |       |       ||     1
Evoke: Wand              |       |       |       |       |       |     1 |       ||     1
  Use: Scroll            |       |       |       |    14 |     2 |     4 |     1 ||    21
       Potion            |       |       |       |     1 |     2 |     3 |       ||     6
Armor: Robe              |       |     3 |     4 |       |       |       |       ||     7
       Steam dragon scal |       |       |       |     5 |     1 |       |       ||     6
       Plate armour      |       |       |       |       |    42 |   141 |     6 ||   189
Dodge: Dodged            |     5 |     6 |    14 |    16 |     8 |     9 |       ||    58
Block: Other             |       |       |       |       |    14 |    25 |       ||    39
       Reflection        |       |       |       |       |     2 |    86 |    10 ||    98
       Tower shield      |       |       |       |       |       |   121 |    17 ||   138

Table legend: (Time is in decaauts)
 A = Elapsed time spent in this place.
 B = Non-inter-level travel time spent in this place.
 C = Inter-level travel time spent in this place.
 D = Time resting spent in this place.
 E = Time spent auto-exploring this place.
 F = Levels seen in this place.
 G = Mean time per level.
                   A        B        C        D        E       F      G
               +--------+--------+--------+--------+--------+-----+--------+
         Total |  48928 |  46086 |   2842 |  20027 |  19725 |  32 | 1529.0 |
       Dungeon |  22873 |  22007 |    866 |   8748 |  11008 |  15 | 1524.9 |
        Temple |    108 |     70 |     38 |      0 |     60 |   1 |  108.0 |
          Lair |  11079 |  10413 |    666 |   4668 |   4641 |   6 | 1846.5 |
        Shoals |   3690 |   3547 |    143 |   1399 |   1036 |   3 | 1230.0 |
     Snake Pit |   8080 |   7042 |   1038 |   3508 |   2256 |   4 | 2020.0 |
  Orcish Mines |   2486 |   2396 |     90 |   1257 |    692 |   2 | 1243.0 |
       Ossuary |    611 |    611 |      0 |    447 |     32 |   1 |  611.0 |
               +--------+--------+--------+--------+--------+-----+--------+

Top non-repeatable levels by time:
     D:9: 3421 daAuts
  Lair:5: 2999 daAuts
 Snake:3: 2560 daAuts
  Lair:3: 2194 daAuts
    D:13: 2165 daAuts
 Snake:1: 2142 daAuts
Shoals:2: 1810 daAuts
 Snake:4: 1807 daAuts
     D:4: 1718 daAuts
  Lair:1: 1693 daAuts
     D:1: 1683 daAuts
    D:15: 1638 daAuts
 Snake:2: 1569 daAuts
     D:6: 1558 daAuts
     D:5: 1507 daAuts
